 Dungeon Crawl Stone Soup version 0.23-a0-494-g91793a9 (webtiles) character file.

85 emperorscorpion the Ruffian (level 4, 0/67 HPs)
             Began as a Troll Berserker on Dec 4, 2018.
             Was a Believer of Trog.
             Slain by an adder (2 damage)
             ... on level 2 of the Dungeon.
             The game lasted 00:01:33 (594 turns).

emperorscorpion the Ruffian (Troll Berserker)        Turns: 594, Time: 00:01:34

Health: 0/67       AC:  5    Str: 31    XL:     4   Next: 25%
Magic:  3/3        EV:  5    Int:  3    God:    Trog [**....]
Gold:   38         SH: 13    Dex:  9    Spells: 3/3 levels left

rFire    . . .     SeeInvis .     - Unarmed
rCold    . . .     Gourm    +   f - +0 large shield (curse)
rNeg     . . .     Faith    .   a - +0 animal skin
rPois    .         Spirit   .   (helmet restricted)
rElec    .         Reflect  .   (no cloak)
rCorr    .         Harm     .   (gloves unavailable)
MR       .....                  (boots unavailable)
Stlth    ..........             (no amulet)
HPRegen  0.61/turn              (no ring)
MPRegen  0.08/turn              (no ring)

@: berserking, lethally poisoned (0 -> 0), very quick
A: large, unfitting armour, claws 3, fast metabolism 3, gourmand, regeneration
1, shaggy fur 1, tough skin 2
a: Berserk, Trog's Hand, Renounce Religion


You were on level 2 of the Dungeon.
You worshipped Trog.
Trog was pleased with you.
You were very full.

You visited 1 branch of the dungeon, and saw 2 of its levels.

You collected 38 gold pieces.

Inventory:

Armour
 a - a +0 animal skin (worn)
 f - a cursed +0 large shield (worn)
Jewellery
 h - an uncursed ring of positive energy {unknown}
Scrolls
 c - a scroll of fear {unknown}
 d - 4 scrolls of identify {unknown}
 g - a scroll of teleportation {unknown}
 i - a scroll of enchant weapon {unknown}
Potions
 e - a potion of heal wounds {unknown}
 j - a potion of lignification {unknown}
 l - 2 potions of resistance {unknown}
 m - a potion of flight {unknown}
Comestibles
 b - 6 rations
 k - 4 chunks of flesh


   Skills:
 + Level 3.0 Fighting
 + Level 3.1 Dodging
 + Level 0.1 Shields
 + Level 3.8 Unarmed Combat


You had 3 spell levels left.
You didn't know any spells.
Your spell library was empty.

Dungeon Overview and Level Annotations

Branches:
Dungeon (2/15)

Altars:
Hepliaklqana


Innate Abilities, Weirdness & Mutations

You are too large for most types of armour.
You have claws for hands.
Your metabolism is lightning-fast.
You like to eat raw meat.
Your natural rate of healing is unusually fast.
You are covered in fur. (AC +1)
You have very tough skin. (AC +2)


Message History

The adder bites you but does no damage.
You completely miss the adder.
You feel sick. You block the adder's attack.
You barely miss the adder.
You feel sick. The adder bites you but does no damage.
You block the adder's attack.
You closely miss the adder. The adder bites you but does no damage.
You scratch the adder but do no damage.
You feel sick. You block the adder's attack.
Your shield prevents you from hitting the adder.
You feel sick. The adder bites you.
* * * LOW HITPOINT WARNING * * *
A red film seems to cover your vision as you go berserk!
You feel yourself moving faster!
You feel mighty! The adder bites you.
* * * LOW HITPOINT WARNING * * *
Unknown command.
You closely miss the adder. You block the adder's attack.
You closely miss the adder.
You feel sick. The adder bites you.
* * * LOW HITPOINT WARNING * * *
Your shield prevents you from hitting the adder.
The adder bites you.
You die...

#.# #..# #...P. #.
##.# ###....≈.♣. #.##
#...≈≈≈≈P≈. #..#
#..P≈≈P≈≈≈.
######.###...P≈≈≈≈♣.
.........†#...≈.≈≈.≈.
######....)..♣≈≈≈≈≈≈.
##.###..$.≈≈≈.≈♣ #..
#..@≈.≈≈≈.. ##.
#.S♣†≈≈♣≈P. .
#...P≈≈≈...
............$
.......%.....
......#########
._....# ......


You could see an adder.

Vanquished Creatures
  Jessica (D:2)
  A gnoll (D:1)
  An adder (D:2)
  2 oozes
  A worm (D:2)
  A dart slug (D:2)
  A leopard gecko (D:1)
  3 giant cockroaches
  3 goblins
  4 hobgoblins
  2 kobolds
  3 bats
  A frilled lizard (D:1)
  4 rats
28 creatures vanquished.

Notes
Turn   | Place    | Note
-------+----------+-------------------------------------------
     0 | D:1      | emperorscorpion the Troll Berserker began the quest for the
                  | Orb.
     0 | D:1      | Reached XP level 1. HP: 22/22 MP: 0/0
    48 | D:1      | Reached XP level 2. HP: 29/29 MP: 1/1
   369 | D:1      | Reached XP level 3. HP: 35/36 MP: 2/2
   461 | D:2      | Noticed Jessica
   468 | D:2      | Killed Jessica
   540 | D:2      | Reached XP level 4. HP: 45/45 MP: 3/3
   573 | D:2      | Found a hazy altar of Hepliaklqana.
   579 | D:2      | Reached ** piety under Trog
   591 | D:2      | HP: 3/67 [adder (4)]
   594 | D:2      | Slain by an adder

Vault maps used:
D:1:      mainiacjoe_arrival_reflecting_pool, kennysheep_another_room
D:2:      overflow_temple_1_default, serial_bayou_pond_b, uniq_jessica

Skill      XL: |  1  2  3 |
---------------+----------+-----
Dodging        | 3 |  3.1
Fighting       | 3 |  3.0
Shields        | |  0.1
Unarmed Combat | |  3.8

Action                   |  1- 3 |  4- 6 || total
-------------------------+-------+-------++-------
Melee: Unarmed           |    57 |    29 ||    86
Invok: Berserk           |     2 |     1 ||     3
  Eat: Chunk             |    12 |     1 ||    13
Armor: Animal skin       |    17 |     6 ||    23
Dodge: Dodged            |    24 |     3 ||    27
Block: Large shield      |    27 |    15 ||    42

Table legend:
 A = Non-vault XP
 B = Vault XP
 C = Vault XP percentage of total XP
 D = Non-vault monster count
 E = Vault monster count
 F = Vault count percentage of total count
                 A         B        C        D         E       F
            +---------+---------+-------+---------+---------+-------
      Total |      80 |      42 |  34.4 |      24 |       4 |  14.3
            +---------+---------+-------+---------+---------+-------
        D:1 |      42 |       0 |   0.0 |      15 |       0 |   0.0
        D:2 |      38 |      42 |  52.5 |       9 |       4 |  30.8
            +---------+---------+-------+---------+---------+-------
